 Dungeon Crawl Stone Soup version 0.25.1-8-g42b30a86e7 (webtiles) character file.

Game seed: 7908503481709036993

181 hawla the Conjurer (level 5, -1/38 HPs)
             Began as a Draconian Conjurer on Dec 19, 2020.
             Was a Follower of Okawaru.
             Slain by an orc warrior
             ... wielding a +2 antimagic trident
              (20 damage)
             ... on level 4 of the Dungeon.
             The game lasted 00:07:53 (3565 turns).

hawla the Conjurer (Draconian Conjurer)             Turns: 3565, Time: 00:07:55

Health: -1/38      AC:  6    Str: 10    XL:     5   Next: 34%
Magic:  0/9        EV: 12    Int: 16    God:    Okawaru [*.....]
Gold:   106        SH:  0    Dex: 12    Spells: 3/10 levels left

rFire    . . .     SeeInvis .   l - +1 dagger (venom)
rCold    + . .     Gourm    .   (no shield)
rNeg     . . .     Faith    .   (armour unavailable)
rPois    .         Spirit   .   (helmet restricted)
rElec    .         Reflect  .   a - scarf {repulsion}
rCorr    .         Harm     .   (no gloves)
MR       .....                  j - +0 pair of boots
Stlth    ++........             (no amulet)
HPRegen  0.12/turn              d - ring of protection from cold
MPRegen  0.11/turn              (no ring)

@: repel missiles
A: unfitting armour, cold-blooded, AC +5
a: Heroism, Renounce Religion


You were on level 4 of the Dungeon.
You worshipped Okawaru.
Okawaru was aware of your devotion.
You were not hungry.

You visited 1 branch of the dungeon, and saw 4 of its levels.

You collected 106 gold pieces.

Inventory:

Hand Weapons
 l - a +1 dagger of venom (weapon)
Missiles
 c - 7 poisoned darts (quivered)
Armour
 a - a scarf of repulsion (worn)
 j - a +0 pair of boots (worn)
Jewellery
 d - a ring of protection from cold (left hand)
 h - an uncursed ring of fire
Wands
 g - a wand of paralysis (6)
Scrolls
 e - 5 scrolls of identify
 f - 3 scrolls of enchant weapon
Potions
 k - a potion of flight {unknown}
Comestibles
 b - 9 rations


   Skills:
 - Level 1.7 Dodging
 - Level 1.7 Stealth
 + Level 3.2 Spellcasting
 + Level 5.6 Conjurations
 * Level 1.8 Translocations


You had 3 spell levels left.
You knew the following spells:

 Your Spells              Type           Power        Failure   Level  Hunger
a - Magic Dart            Conj           ###.         1%          1    None
b - Searing Ray           Conj           ###...       2%          2    ##.....
c - Iskenderun's Mystic   Conj/Tloc      ##......     36%         4    ####...

Your spell library contained the following spells:

 Spells                   Type           Power        Failure   Level  Hunger
 Dazzling Flash           Conj/Hex       ##....       17%         3    ###....
 Beastly Appendage        Tmut           #.....       19%         1    None
 Sticks to Snakes         Tmut           #.......     28%         2    ##.....
 Spider Form              Tmut/Pois      #.........   50%         3    ###....
 Fulminant Prism          Conj/Hex       ##........   50%         4    ####...
 Ice Form                 Ice/Tmut       #.......     88%         4    ####...
 Blade Hands              Tmut           #.........   99%         5    ######.


Dungeon Overview and Level Annotations

Branches:
Dungeon (4/15)
 Temple: D:4-7

Altars:
Gozag
Okawaru


Innate Abilities, Weirdness & Mutations

Your plain brown scales are hard. (AC +5)
You cannot fit into any form of body armour.
You are cold-blooded and may be slowed by cold attacks.


Message History

You hit the orc.
You kill the orc!
Okawaru accepts your kill.
You see here a +0 club.
You start resting.
Some of the chunks of flesh in your inventory have rotted away.
All of the chunks of flesh in your inventory have rotted away.
Magic restored.
You start resting.
HP restored.
There is a stone staircase leading down, spattered with blood here.
Things that are here:
a +0 chain mail; a +0 mace You climb downwards.
The orc warrior hits you from afar with a +2 antimagic trident!!
Ouch! That really hurt!
You feel your power leaking away.
The orc warrior hits you from afar with a +2 antimagic trident!!
Ouch! That really hurt!
You die...

#...# #...
######...
......... #
........# .##
........# ..#
........###..#
<......@.....##
..............#
.####.##o.#.###
#. ##o#...# #
#...# # ##.##
... ...## .....


You could see an orc warrior and an orc.

Vanquished Creatures
  2 worker ants
  8 adders
  2 worms (D:2)
  3 orcs
  6 bats
  A giant cockroach (D:1)
  6 goblins
  5 hobgoblins
  7 jackals
  3 frilled lizards
  9 kobolds
  7 rats
59 creatures vanquished.

Notes
Turn   | Place    | Note
-------+----------+-------------------------------------------
     0 | D:1      | hawla the Draconian Conjurer began the quest for the Orb.
     0 | D:1      | Reached XP level 1. HP: 14/14 MP: 3/3
   408 | D:1      | Reached XP level 2. HP: 20/20 MP: 3/5
   412 | D:1      | Learned a level 2 spell: Searing Ray
  1002 | D:2      | Found an opulent altar of Gozag.
  1036 | D:2      | Reached XP level 3. HP: 26/26 MP: 2/6
  1315 | D:2      | Reached skill level 5 in Conjurations
  2031 | D:2      | Reached XP level 4. HP: 25/33 MP: 4/8
  2264 | D:2      | Learned a level 4 spell: Iskenderun's Mystic Blast
  2422 | D:3      | Found a faded altar of an unknown god.
  2447 | D:3      | Became a worshipper of Warmaster Okawaru
  2447 | D:3      | Reached * piety under Okawaru
  2519 | D:3      | Reached skill level 1 in Translocations
  2522 | D:3      | Noticed an ogre
  2619 | D:3      | Reached XP level 5. HP: 38/38 MP: 4/9
  3233 | D:4      | Noticed an orc warrior
  3565 | D:4      | Slain by an orc warrior

Illustrated notes

Levels and vault maps discovered:
D:1:      onia_arrival_pentagram, layout_loops_ring
D:2:      layout_basic, grunt_gozag_breadcrumbs
D:3:      layout_basic, chequers_ecumenical_altar_simple_redux
D:4:      layout_basic, first_ration, makhleb_blood_cavern_becter

Skill      XL: |  1  2  3  4 |
---------------+-------------+-----
Conjurations   | 5 |  5.6
Spellcasting   | 3 |  3.2
Translocations | 1 |  1.8
Dodging        | |  1.7
Stealth        | |  1.7

Action                   |  1- 3 |  4- 6 || total
-------------------------+-------+-------++-------
Melee: Unarmed           |    16 |     1 ||    17
       Dagger            |       |     7 ||     7
 Cast: Magic Dart        |    44 |    28 ||    72
       Searing Ray       |    12 |    12 ||    24
       Iskenderun's Myst |       |     1 ||     1
  Use: Scroll            |     3 |     4 ||     7
       Potion            |       |     1 ||     1
  Eat: Chunk             |     5 |     5 ||    10
Armor: Skin              |     8 |     3 ||    11
Dodge: Dodged            |    25 |    14 ||    39
       Repelled          |     2 |       ||     2
